 Dungeon Crawl Stone Soup version 0.23.2-33-g5129a83184 (webtiles) character file.

Game seed: 6144156280401661676

72 Destapler the Ogre Mage (level 4, -2/39 HPs)
             Began as an Ogre Wizard on Aug 1, 2019.
             Slain by an adder (4 damage)
             ... on level 1 of the Dungeon.
             The game lasted 00:12:35 (2542 turns).

Destapler the Ogre Mage (Ogre Wizard)               Turns: 2542, Time: 00:12:37

Health: -2/39      AC:  3    Str: 11    XL:     4   Next: 26%
Magic:  8/10       EV: 10    Int: 19    God:
Gold:   124        SH:  0    Dex:  8    Spells: 8/11 levels left

rFire    . . .     SeeInvis .   f - +0 dagger
rCold    . . .     Gourm    .   (no shield)
rNeg     . . .     Faith    .   a - +0 robe
rPois    .         Spirit   .   b - +0 hat
rElec    .         Reflect  .   (no cloak)
rCorr    .         Harm     .   (gloves unavailable)
MR       .....                  (boots unavailable)
Stlth    +.........             (no amulet)
HPRegen  0.13/turn              (no ring)
MPRegen  0.12/turn              (no ring)

@: lethally poisoned (-2 -> -8)
A: large, unfitting armour, tough skin 1
a: no special abilities


You were on level 1 of the Dungeon.
You were not hungry.

You visited 1 branch of the dungeon, and saw 3 of its levels.

You collected 124 gold pieces.

Inventory:

Hand Weapons
 f - a +0 dagger (weapon)
Missiles
 j - 52 stones (quivered)
Armour
 a - a +0 robe (worn)
 b - a +0 hat (worn)
Scrolls
 e - 5 scrolls of remove curse
 m - a scroll of teleportation {unknown}
Potions
 c - 2 potions of curing {unknown}
 h - 2 potions of cancellation
 i - a potion of agility {unknown}
 k - a potion of heal wounds {unknown}
 l - 2 potions of brilliance {unknown}
Comestibles
 d - 6 rations


   Skills:
 - Level 1.7 Dodging
 - Level 1.4 Stealth
 + Level 4.4 Spellcasting
 + Level 2.9 Conjurations
   Level 0.8 Summonings
 * Level 0.9 Translocations


You had 8 spell levels left.
You knew the following spells:

 Your Spells              Type           Power        Failure   Level  Hunger
a - Magic Dart            Conj           ###.         4%          1    None
b - Blink                 Tloc           N/A          14%         2    #......

Your spell library contained the following spells:

 Spells                   Type           Power        Failure   Level  Hunger
 Call Imp                 Summ           #.......     14%         2    #......
 Slow                     Hex            #.......     21%         2    #......
 Conjure Flame            Conj/Fire      #.......     22%         3    ###....
 Mephitic Cloud           Conj/Pois/Air  #.......     26%         3    ###....


Dungeon Overview and Level Annotations

Branches:
Dungeon (3/15)

Altars:
Elyvilon
Xom


Innate Abilities, Weirdness & Mutations

You are too large for most types of armour.
You have tough skin. (AC +1)


Message History

Casting: Magic Dart (safe; 4% risk of failure)
Confirm with . or Enter, or press ? or * to list all spells.
Aiming: Magic Dart (safe; 4% risk of failure)
Press: ? - help, Shift-Dir - straight line, f - adder
Aim: an adder (moderately wounded)
The magic dart hits the adder.
The adder is moderately wounded.
The adder closely misses you.
Casting: Magic Dart (safe; 4% risk of failure)
Confirm with . or Enter, or press ? or * to list all spells.
Aiming: Magic Dart (safe; 4% risk of failure)
Press: ? - help, Shift-Dir - straight line, f/p - adder
Aim: an adder (moderately wounded)
The magic dart hits the adder.
The adder is severely wounded.
* * * LOW HITPOINT WARNING * * *
You feel sick. The adder bites you.
* * * LOW HITPOINT WARNING * * *
The adder bites you.
You die...

#.# #.# #.# #.# #.# #.# #.#
#.################ #.#
#................. #.#
#.################ #.# #.#
#.......# #.# #.###.......######
#.# #@S.'.......'..... #.#
#####.......###### #.# #.......#
#.# #.......###### #.# ########
#.......#.....
#.###......#########....###.....
#...'..............'....'.......
#####......#########....##......
#......# #....##......


You could see an adder.

Vanquished Creatures
  3 adders
  A worm (D:2)
  A dart slug (D:1)
  3 leopard geckos (D:2)
  A giant cockroach (D:1)
  4 goblins
  2 hobgoblins (D:2)
  5 jackals
  A kobold (D:1)
  2 quokkas (D:2)
  A ball python (D:1)
  4 bats
  2 frilled lizards (D:2)
  8 rats
38 creatures vanquished.

Notes
Turn   | Place    | Note
-------+----------+-------------------------------------------
     0 | D:1      | Destapler the Ogre Wizard began the quest for the Orb.
     0 | D:1      | Reached XP level 1. HP: 16/16 MP: 5/5
   313 | D:1      | Reached skill level 1 in Conjurations
   584 | D:1      | Reached XP level 2. HP: 21/24 MP: 2/6
   594 | D:1      | Learned a level 2 spell: Blink
  1003 | D:1      | Reached skill level 4 in Spellcasting
  1003 | D:1      | Reached XP level 3. HP: 16/31 MP: 0/8
  1282 | D:2      | Found a shimmering altar of Xom.
  2074 | D:2      | Reached XP level 4. HP: 25/39 MP: 2/10
  2431 | D:2      | Found a white marble altar of Elyvilon.
  2542 | D:1      | Slain by an adder

Skill      XL: |  1  2 |
---------------+-------+-----
Conjurations   | 1 2 |  2.9
Spellcasting   | 4 |  4.4
Dodging        | |  1.7
Stealth        | |  1.4
Summonings     | |  0.8
Translocations | |  0.9

Action                   |  1- 3 |  4- 6 || total
-------------------------+-------+-------++-------
Melee: Dagger            |    72 |     3 ||    75
 Cast: Magic Dart        |    75 |    16 ||    91
       Blink             |     2 |       ||     2
  Use: Scroll            |     4 |       ||     4
       Potion            |       |     1 ||     1
 Stab: Sleeping          |     2 |       ||     2
  Eat: Chunk             |     3 |     2 ||     5
Armor: Robe              |    16 |     3 ||    19
Dodge: Dodged            |    46 |    12 ||    58
